 Dungeon Crawl Stone Soup version 0.17-a0-776-gd86b262 (webtiles) character file.

354 FedoraBrony69 the Conjurer (level 6, 0/32 HPs)
             Began as a Deep Elf Conjurer on Apr 25, 2015.
             Slain by a hound (2 damage)
             ... on level 3 of the Dungeon.
             The game lasted 00:07:49 (2892 turns).

FedoraBrony69 the Conjurer (Deep Elf Conjurer)      Turns: 2892, Time: 00:07:49

Health: 0/32       AC:  3    Str:  5    XL:     6   Next: 35%
Magic:  0/17       EV: 13    Int: 22    God:
Gold:   190        SH:  0    Dex: 15    Spells: 3 memorised, 7 levels left

rFire  + . .     SeeInvis .     r - +3 quarterstaff (chaos)
rCold  x . .     Clarity  .     a - +0 robe
rNeg   . . .     SustAb   .     (no shield)
rPois  .         Gourm    .     (no helmet)
rElec  .         Spirit   .     z - +0 cloak
rCorr  .         Warding  .     (no gloves)
rMut   .         Stasis   .     (no boots)
MR     +....                    (no amulet)
Stlth  ++........               y - ring of protection from magic
                                n - ring of fire

@: somewhat resistant to hostile enchantments, unstealthy
A: no striking features
a: no special abilities


You were on level 3 of the Dungeon.
You were not hungry.

You visited 1 branch of the dungeon, and saw 4 of its levels.

You collected 190 gold pieces.

Inventory:

Hand weapons
 r - a +3 quarterstaff of chaos (weapon)
Armour
 a - a +0 robe (worn)
 z - a +0 cloak (worn)
Jewellery
 g - an uncursed ring of teleport control
 k - a +1 ring of evasion
 n - a ring of fire (left hand)
 y - a ring of protection from magic (right hand)
Magical devices
 w - a wand of disintegration (15)
Scrolls
 d - a scroll of fear {unknown}
 j - a scroll of teleportation
 l - 2 scrolls of remove curse
 q - 3 scrolls of identify {unknown}
 u - a scroll of amnesia {unknown}
 v - a scroll of immolation {unknown}
Potions
 e - a potion of curing {unknown}
 m - 3 potions of heal wounds {unknown}
 o - 3 potions of lignification {unknown}
 s - a potion of cure mutation {unknown}
Books
 b - a book of Conjurations

   Spells                             Type                      Level
   a - Magic Dart                     Conjuration                  1
   b - Searing Ray                    Conjuration                  2
   c - Dazzling Spray                 Conjuration/Hexes            3
   d - Fulminant Prism                Conjuration/Hexes            4
   e - Iskenderun's Mystic Blast      Conjuration                  4
   f - Iskenderun's Battlesphere      Conjuration/Charms           5
Comestibles
 c - a bread ration
 f - a meat ration
 h - 6 chunks of flesh
 t - 2 beef jerkies


   Skills:
 - Level 2.4 Dodging
 - Level 2.4 Stealth
 + Level 6.2 Spellcasting
 + Level 6.3 Conjurations
 * Level 3.8 Charms


You had 7 spell levels left.
You knew the following spells:

 Your Spells              Type           Power        Failure   Level  Hunger
a - Magic Dart            Conj           ####         1%          1    None
b - Iskenderun's Battles  Conj/Chrm      ####....     34%         5    #####..
c - Iskenderun's Mystic   Conj           ####....     10%         4    ###....


Dungeon Overview and Level Annotations

Branches:
Dungeon (4/15)
 Temple: D:4-7

Altars:
Trog


Message History

Aim: a hound The orb of energy hits the hound.
The hound is severely wounded.
The orb of energy explodes!
The hound misses you.
You hit the hound but do no damage.
The hound is severely wounded.
The hound bites you.
* * * LOW HITPOINT WARNING * * *
The hound bites you but does no damage.
You barely miss the hound.
The hound is severely wounded.
You feel sick.
You are no longer poisoned.
The hound bites you but does no damage. x2
You hit the hound.
The hound seems to speed up.
The hound is almost dead.
The hound bites you but does no damage. The hound bites you.
* * * LOW HITPOINT WARNING * * *
The hound bites you.
You die...

#######.# #.....######
#.....#<# #..#..#....#
#.....#######.....#.####
#####
#.............#.....#
#)..#♣♣
#####.#########..####
#..)..♣♣ #.# #......#
#...#♣.. #####.##
#......#### #####♣♣♣
.......# #.........# ♣
.......# #..h@.....#
.......# #.........# ###
.......# #.........# #.#
.......#
##........#######.#
.......#
#..............#.#
.......#
#####....(..######...###
.......# #...........#
#...#.. #####'##
#....######.# #.....#
#.#
#....######.######.....#


You could see a hound.

Vanquished Creatures
  An ogre (D:4)
  An orc priest (D:4)
  Crazy Yiuf (D:3)
  Ijyb (D:2)
  Terence (D:2)
  An orc wizard (D:4)
  4 gnolls
  2 adders
  An ooze (D:2)
  2 worms (D:2)
  A giant gecko (D:2)
  3 orcs (D:4)
  4 giant cockroaches
  5 goblins
  3 hobgoblins
  12 jackals (D:2)
  6 kobolds
  2 ball pythons
  5 bats
  5 giant newts
  6 rats
67 creatures vanquished.

Notes
Turn   | Place    | Note
--------------------------------------------------------------
     0 | D:1      | FedoraBrony69, the Deep Elf Conjurer, began the quest for the Orb.
     0 | D:1      | Reached XP level 1. HP: 10/10 MP: 6/6
   200 | D:1      | Reached XP level 2. HP: 10/15 MP: 2/8
   502 | D:2      | Noticed Terence
   573 | D:2      | Killed Terence
   573 | D:2      | Reached skill level 5 in Conjurations
   573 | D:2      | Reached XP level 3. HP: 19/19 MP: 1/11
  1072 | D:2      | Reached XP level 4. HP: 24/24 MP: 4/12
  1172 | D:2      | Reached skill level 5 in Spellcasting
  1229 | D:2      | Learned a level 4 spell: Iskenderun's Mystic Blast
  1247 | D:2      | Noticed Ijyb
  1255 | D:2      | Killed Ijyb
  1500 | D:2      | Reached XP level 5. HP: 28/28 MP: 10/15
  1798 | D:2      | Learned a level 5 spell: Iskenderun's Battlesphere
  2246 | D:3      | Noticed Crazy Yiuf
  2251 | D:3      | Killed Crazy Yiuf
  2251 | D:3      | Reached skill level 1 in Charms
  2369 | D:3      | Found a bloodstained altar of Trog.
  2683 | D:4      | Noticed an ogre
  2686 | D:4      | Reached skill level 6 in Spellcasting
  2862 | D:4      | Killed an ogre
  2862 | D:4      | Reached XP level 6. HP: 32/32 MP: 3/17
  2892 | D:3      | Slain by a hound

Action                   |  1- 3 |  4- 6 || total
-------------------------+-------+-------++-------
Melee: Unarmed           |     1 |       ||     1
       Quarterstaff      |       |     4 ||     4
 Cast: Magic Dart        |    51 |   100 ||   151
       Iskenderun's Myst |       |    10 ||    10
  Use: Scroll            |       |     4 ||     4
  Eat: Chunk             |       |     7 ||     7
